 Dungeon Crawl Stone Soup version 0.31.0-32-g396128a36d (webtiles) character file.

Game seed: 4211790573303239694

4339 Peloso the Carver (level 10, -5/86 HPs)
             Began as a Minotaur Fighter on Mar 27, 2024.
             Was a Priest of Okawaru.
             Slain by a sun demon (11 damage)
             ... on level 9 of the Dungeon.
             The game lasted 00:17:24 (8112 turns).

Peloso the Carver (Minotaur Fighter)                Turns: 8112, Time: 00:17:25

Health: -5/86      AC: 10    Str: 21    XL:     10   Next: 12%
Magic:  9/9        EV:  8    Int:  5    God:    Okawaru [***...]
Gold:   215        SH: 10    Dex: 14    Spells: 9/9 levels left

rFire   . . .        a - +2 double sword (drain)
rCold   . . .        d - +0 kite shield
rNeg    . . .        y - +0 chain mail
rPois   .            (helmet currently unavailable)
rElec   .            (cloak currently unavailable)
rCorr   .            (gloves currently unavailable)
SInv    .            (boots currently unavailable)
Will    .....        (no amulet) Stlth
                     (no ring)
HPRegen 0.34/turn    (no ring)
MPRegen 0.11/turn

%: no passive effects
@: beast-form
A: beast (slay +1), horns 2, retaliatory headbutt
a: Begin Untransformation, Renounce Religion, Heroism


You were on level 9 of the Dungeon.
You worshipped Okawaru.
Okawaru was most pleased with you.
You were a hulking beast.
You visited 1 branch of the dungeon, and saw 9 of its levels.
You also visited: Bailey.

You collected 335 gold pieces.
You spent 120 gold pieces at shops.

Inventory:

Hand Weapons
 a - a +2 double sword of draining (weapon)
 b - the +7 hammer of Big Damage {flame, rElec rCorr MP-9 Stlth+}
   (You found it on level 2 of the Dungeon)

   rElec:     It insulates you from electricity.
   MP-9:      It affects your magic capacity (-9).
   rCorr:     It protects you from acid and corrosion.
   Stlth+:    It makes you more stealthy.
 c - a +1 scimitar of electrocution
Armour
 d - a +0 kite shield (worn)
 x - a +1 cloak of preservation
 y - a +0 chain mail (worn)
Talismans
 i - a beast talisman (active)
Wands
 l - a wand of digging (4)
 r - a wand of polymorph (22)
 u - a wand of mindburst (3)
Scrolls
 g - 6 scrolls of teleportation
 j - 2 scrolls of fear
 k - a scroll of silence
 m - a scroll of enchant armour
Potions
 e - 3 potions of curing
 h - 4 potions of might
 n - a potion of experience
 p - 2 potions of resistance
 q - a potion of enlightenment
 s - 3 potions of mutation
 t - a potion of lignification {unknown}
 w - a potion of degeneration {unknown}
 z - a potion of cancellation {unknown}


   Skills:
 + Level 7.6 Fighting
 + Level 11.2 Long Blades
 + Level 8.1 Armour
 + Level 2.4 Dodging
 + Level 0.7 Stealth
 + Level 7.8 Shields
 + Level 0.6 Invocations
 + Level 0.2 Evocations
 + Level 3.4 Shapeshifting


You had 9 spell levels left.
You didn't know any spells.
Your spell library contained the following spells:

 Spells                   Type           Power      Damage    Failure   Level
 Apportation              Tloc           0%         N/A       99%         1
 Freeze                   Ice            0%         1d3       99%         1
 Necrotise                Necr           0%         1d4       99%         1
 Sandblast                Erth           0%         2d4       99%         1
 Sting                    Conj/Alch      0%         1d3       99%         1
 Cigotuvi's Dreadful Rot  Necr/Alch/Air  0%         N/A       100%        2
 Frozen Ramparts          Ice            0%         1d1       100%        3
 Hailstorm                Conj/Ice       0%         3d5       100%        3
 Passwall                 Erth           0%         N/A       100%        3
 Stone Arrow              Conj/Erth      0%         3d7       100%        3
 Brom's Barrelling Bould  Conj/Erth      0%         2d3       100%        4
 Dispel Undead            Necr           0%         3d6       100%        4
 Leda's Liquefaction      Alch/Erth      0%         N/A       100%        4
 Borgnjor's Vile Clutch   Necr/Erth      0%         N/A       100%        5
 Lee's Rapid Deconstruct  Erth           0%         3d4*      100%        5
 Bombard                  Conj/Erth      0%         9d1       100%        6
 Summon Small Mammal      Summ           Unusable   N/A       N/A         1
 Animate Dead             Necr           Unusable   N/A       N/A         4
 Martyr's Knell           Necr/Summ      Unusable   N/A       N/A         4
 Death Channel            Necr           Unusable   N/A       N/A         6

Dungeon Overview and Level Annotations

Branches:
Dungeon (10/15)            Temple (0/1) D:6          Bailey (visited)
   Lair: D:8-11         Orc: D:9-12

Altars:
Elyvilon
Hepliaklqana
Kikubaaqudgha
Nemelex Xobeh
Okawaru
Qazlal
Ru
Sif Muna
Trog
Uskayaw
Vehumet
Xom

Shops:
D:5 !   D:6 !


Innate Abilities, Weirdness & Mutations

You are a hulking beast.
Your limbs bulge with bestial killing power. (Slay +1)
You have a pair of horns on your head.
You reflexively headbutt those who attack you in melee.


Message History

The sun demon shouts!
The yak bellows!
There are monsters nearby!
A yak comes into view.
The yak bellows!
You hear a bellow!
You hear a screech!
Things that are here:
a +0 dagger; a +0 robe; an orc corpse
There is an open door here.
There is an open door here.
You hit the sun demon. Your headbutt misses the sun demon.
The sun demon is lightly wounded.
The sun demon hits you but does no damage.
You slash the sun demon!
The sun demon is moderately wounded.
The sun demon hits you.
You are engulfed in flames!
You barely miss the sun demon. You headbutt the sun demon.
The sun demon is moderately wounded.
The sun demon hits you!
You are engulfed in flames!!
The sun demon hits you but does no damage.
You slash the sun demon! Your headbutt misses the sun demon.
The sun demon is heavily wounded.
The sun demon hits you but does no damage.
You closely miss the sun demon. Your headbutt misses the sun demon.
The sun demon is heavily wounded.
You block the sun demon's attack.
You slash the sun demon! You headbutt the sun demon.
The sun demon is almost dead.
The sun demon hits you but does no damage.
You closely miss the sun demon.
The sun demon is almost dead.
You block the sun demon's attack. x2
You hit the sun demon but do no damage.
The sun demon is almost dead.
The sun demon hits you.
You are engulfed in flames!
* * * LOW HITPOINT WARNING * * *
You barely miss the sun demon. Your headbutt misses the sun demon.
The sun demon is almost dead.
The sun demon hits you!!
* * * LOW HITPOINT WARNING * * *
You are engulfed in flames!
You die...

#...#.. ######...#..
########........#..
#........###....#..
#........# #....#..
#.....#........###.......
#.....#.###........##+###
+.....#.###........# .
#.....#.h3Y........+ .
#.....####'###.....# .
#......#.....#+##### #
#......#......... #
#######......3..........
#
#....##.....#########...
# #....##)..Y.##.. .. #
#......))........ . #
#................ #


You could see a sun demon and a yak.

Vanquished Creatures
  A two-headed ogre (Bailey)
  A red devil (D:9)
  3 spriggans (Bailey)
  Edmund (D:5)
  A steam dragon (Bailey)
  A water moccasin (D:7)
  An orc warrior (D:7)
  A sky beast (D:4)
  An ice beast (D:7)
  3 black bears (D:4)
  4 ogres
  2 centaurs
  A phantom (D:5)
  A kobold brigand (D:7)
  Blork the orc (D:5)
  A bullfrog (D:6)
  A gnoll sergeant (D:6)
  2 scorpions
  3 killer bees (D:9)
  2 vampire bats (D:5)
  A howler monkey (D:5)
  A bombardier beetle (D:4)
  3 quasits (D:9)
  A jelly (D:5)
  A gnoll bouda (D:7)
  Crazy Yiuf (D:2)
  An orc priest (D:6)
  4 hounds
  A sleepcap (D:7)
  An iguana (D:7)
  Ijyb (D:5)
  8 orc wizards
  Robin (D:3)
  10 adders
  8 gnolls
  2 ufetubi (D:6)
  2 dart slugs
  2 ribbon worms
  25 orcs
  4 bat skeletons (D:5)
  A bat zombie (D:5)
  8 endoplasms
  3 giant cockroaches
  18 goblins
  14 hobgoblins
  10 jackals
  3 quokkas
  5 ball pythons
  8 bats
  2 frilled lizards (D:2)
  7 kobolds
  8 rats
197 creatures vanquished.

Notes
Turn   | Place    | Note
-------+----------+-------------------------------------------
     0 | D:1      | Peloso the Minotaur Fighter began the quest for the Orb.
     0 | D:1      | Reached XP level 1. HP: 19/19 MP: 0/0
    93 | D:1      | Reached XP level 2. HP: 27/27 MP: 1/1
   789 | D:1      | Reached skill level 3 in Long Blades
   789 | D:1      | Reached XP level 3. HP: 23/33 MP: 2/2
  1230 | D:2      | Found a runed translucent door.
  1231 | D:2      | Noticed Crazy Yiuf
  1266 | D:3      | Reached XP level 4. HP: 40/40 MP: 3/3
  1324 | D:3      | Noticed Robin
  1363 | D:3      | Killed Robin
  1713 | D:3      | Reached skill level 4 in Long Blades
  2022 | D:4      | Noticed an ogre
  2024 | D:4      | Killed an ogre
  2025 | D:4      | Reached skill level 1 in Dodging
  2025 | D:4      | Reached XP level 5. HP: 36/47 MP: 4/4
  2113 | D:4      | Found a stormy altar of Qazlal.
  2114 | D:4      | Noticed a black bear
  2137 | D:4      | Killed a black bear
  2138 | D:4      | Reached skill level 5 in Long Blades
  2138 | D:4      | Reached XP level 6. HP: 35/53 MP: 5/5
  2238 | D:4      | Found a shimmering altar of Xom.
  2365 | D:4      | Found a hazy altar of Hepliaklqana.
  2387 | D:4      | Reached skill level 6 in Long Blades
  2521 | D:4      | Found a bloodstained altar of Trog.
  2545 | D:4      | Noticed a sky beast
  2546 | D:4      | Reached skill level 5 in Armour
  2549 | D:4      | Reached skill level 1 in Shapeshifting
  2549 | D:4      | Reached XP level 7. HP: 18/60 MP: 6/6
  3068 | D:4      | Reached skill level 5 in Fighting
  3068 | D:4      | Reached skill level 7 in Long Blades
  3296 | D:5      | Entered Level 5 of the Dungeon
  3534 | D:5      | Found an iron altar of Okawaru.
  3554 | D:5      | Became a worshipper of Warmaster Okawaru
  3598 | D:5      | Noticed Edmund
  3659 | D:5      | Killed Edmund
  3660 | D:5      | Reached skill level 5 in Shields
  3660 | D:5      | Reached XP level 8. HP: 36/68 MP: 7/7
  3775 | D:5      | Found Cuan's Distillery.
  3780 | D:5      | Bought a potion of mutation for 120 gold pieces
  3890 | D:5      | Noticed Ijyb
  3907 | D:5      | Killed Ijyb
  4372 | D:5      | Identified the +2 arbalest "Wunae" {freeze, rPois rF+ rC+}
  4436 | D:5      | Noticed Blork the orc
  4442 | D:5      | Killed Blork the orc
  4443 | D:5      | Reached skill level 8 in Long Blades
  4524 | D:5      | Found an ancient bone altar of Kikubaaqudgha.
  4716 | D:6      | Found a staircase to the Ecumenical Temple.
  4743 | D:6      | Found a radiant altar of Vehumet.
  4967 | D:6      | Reached * piety under Okawaru
  5160 | D:6      | Found a white marble altar of Elyvilon.
  5287 | D:6      | Found Iruubb's Distillery.
  5306 | D:6      | Found a sparkling altar of Nemelex Xobeh.
  5894 | D:2      | Killed Crazy Yiuf
  5902 | D:2      | Identified the +7 hammer of Big Damage {flame, rElec rCorr
                  | MP-9 Stlth+}
  6181 | D:7      | Reached skill level 9 in Long Blades
  6192 | D:7      | Found a hide-covered altar of Uskayaw.
  6349 | D:7      | Reached XP level 9. HP: 75/75 MP: 8/8
  6628 | D:7      | Reached ** piety under Okawaru
  6804 | D:7      | You fall into a shaft and drop 3 floors!
  6804 | D:10     | Entered Level 10 of the Dungeon
  6913 | D:9      | Noticed a red devil
  6920 | D:9      | Killed a red devil
  6921 | D:9      | Reached skill level 10 in Long Blades
  7003 | D:9      | Found a sacrificial altar of Ru.
  7061 | D:9      | Found a flagged portal.
  7062 | D:9      | Found a shimmering blue altar of Sif Muna.
  7092 | Bailey   | Entered a bailey
  7275 | Bailey   | Noticed a two-headed ogre
  7339 | Bailey   | Killed a two-headed ogre
  7339 | Bailey   | Reached *** piety under Okawaru
  7340 | Bailey   | Reached skill level 11 in Long Blades
  7340 | Bailey   | Reached XP level 10. HP: 19/86 MP: 9/9
  8085 | D:9      | Noticed a sun demon
  8112 | D:9      | Slain by a sun demon

Illustrated notes

Levels and vault maps discovered:
D:1:      amcnicky_arrival_feature_with_door, layout_loops_cross,
          grunt_decor_mini_mirrors
D:2:      layout_loops_ring, uniq_crazy_yiuf_cottage
D:3:      minmay_door_path, layout_basic, minmay_cut_off, uniq_robin
D:4:      layout_basic, lemuel_crystal_altar, mainiacjoe_overflow_brackets,
          nicolae_qazlal_general_emergency, trog_ov_bears_minmay
D:5:      layout_loops_corners, nicolae_overflow_crystal_walls,
          kennysheep_vampire_church, serial_shops, kennysheep_little_box,
          chequers_serial_rivers_micro_e, uniq_ijyb, uniq_blork_the_orc,
          uniq_edmund
D:6:      layout_rooms, mainiacjoe_overflow_tiny_flanked, old_standard_altar,
          elyvilon_altar_3, minmay_temple_entry_overgrown, serial_shops,
          nicolae_shop_gibbet_a_chance, serial_aquarium,
          aquarium_bridge_island_small [aquarium_subvault_small_water,
          aquarium_subvault_bridge, aquarium_subvault_bridge,
          aquarium_subvault_wall, aquarium_subvault_wall], aquarium_window_fake,
          aquarium_window_1, aquarium_window_corner, aquarium_view_2c,
          aquarium_view_2a, aquarium_balcony_3a, aquarium_pool_2
D:7:      layout_cave_pools, eat_drink_and_be_merry_uskayaw, minivault_4,
          hangedman_minor_gate_pass
D:9:      layout_stronghold, overflow_temple_1_default, lemuel_doored_altar,
          enter_bailey_5, serial_demonic, serial_demonic_b, serial_demonic_g,
          serial_demonic_b, serial_demonic_e, serial_demonic_f,
          serial_demonic_e, uniq_psyche
D:10:     layout_gridville, cheibrodos_worm_habitat

Skill      XL: |  1  2  3  4  5  6  7  8  9 |
---------------+----------------------------+-----
Fighting       | 4 5 6 7 |  7.6
Armour         | 4 5 6 7 8 |  8.1
Shields        | 4 5 6 7 |  7.8
Long Blades    | 3 4 5 6 7 9 11 | 11.2
Dodging        | 1 2 |  2.4
Shapeshifting  | 1 2 3 |  3.4
Stealth        | |  0.7
Invocations    | |  0.6
Evocations     | |  0.2

Action                     |  1- 3 |  4- 6 |  7- 9 | 10-12 || total
---------------------------+-------+-------+-------+-------++-------
  Melee: Long sword        |   101 |    62 |       |       ||   163
         Headbutt          |    16 |    13 |    43 |     5 ||    77
         Double sword      |       |    71 |   316 |    24 ||   411
 Invoke: Heroism           |       |       |     4 |       ||     4
  Evoke: Wand              |       |       |     4 |       ||     4
    Use: Scroll            |     3 |     1 |    13 |     3 ||    20
         Potion            |     3 |     1 |     2 |       ||     6
 Armour: Scale mail        |    96 |    23 |       |       ||   119
         Chain mail        |       |   104 |   311 |    26 ||   441
         Skin              |       |       |     7 |       ||     7
  Dodge: Dodged            |    64 |    58 |   108 |     3 ||   233
  Block: Buckler           |    42 |    34 |    48 |       ||   124
         Kite shield       |       |       |   137 |    14 ||   151
   Form: Beast             |       |     1 |       |       ||     1
